 Dungeon Crawl Stone Soup version 0.20.1-1-g8b1a95d (webtiles) character file.

508 ReignOfFire the Slasher (level 6, 0/47 HPs)
             Began as a Demonspawn Gladiator on July 25, 2017.
             Slain by an orc
             ... wielding a +0 club
              (3 damage)
             ... on level 4 of the Dungeon.
             The game lasted 00:06:31 (3720 turns).

ReignOfFire the Slasher (Demonspawn Gladiator)      Turns: 3720, Time: 00:06:31

Health: 0/47       AC:  7    Str: 16    XL:     6   Next: 98%
Magic:  6/6        EV: 11    Int:  9    God:
Gold:   140        SH:  0    Dex: 15    Spells: 5/5 levels left

rFire    . . .     SeeInvis .   a - +0 long sword
rCold    . . .     Gourm    .   (no shield)
rNeg     . . .     Faith    .   t - +0 scale mail
rPois    .         Spirit   .   (helmet restricted)
rElec    .         Reflect  .   (no cloak)
rCorr    .         Harm     .   r - +0 pair of gloves
MR       .....                  (no boots)
Stlth    ++........             (no amulet)
Regen    0.2/turn               (no ring)
MPRegen  0.1/turn               (no ring)

@: no status effects
A: antennae 2, nightstalker 1
a: no special abilities


You were on level 4 of the Dungeon.
You were hungry.

You visited 1 branch of the dungeon, and saw 4 of its levels.

You collected 140 gold pieces.

Inventory:

Hand Weapons
 a - a +0 long sword (weapon)
Armour
 b - a +0 leather armour
 c - a +0 helmet
 r - a +0 pair of gloves (worn)
 t - a +0 scale mail (worn)
Jewellery
 g - a +2 ring of evasion {unknown}
 w - an uncursed ring of see invisible {unknown}
Scrolls
 e - a scroll of magic mapping {unknown}
 i - a scroll of noise {unknown}
 k - a scroll of immolation {unknown}
 l - 4 scrolls of remove curse {unknown}
 n - a scroll of blinking {unknown}
 o - 2 scrolls of teleportation {unknown}
 q - a scroll of fear {unknown}
 x - 2 scrolls of enchant weapon {unknown}
Potions
 h - 2 potions of curing {unknown}
 p - a potion of haste
 u - a potion of agility
 v - a potion of might
Comestibles
 f - 3 bread rations
 j - 2 meat rations
 m - 4 fruits
 s - 2 royal jellies


   Skills:
 + Level 3.2 Fighting
 + Level 5.2 Long Blades
 + Level 1.8 Throwing
 + Level 2.6 Armour
 + Level 3.5 Dodging
 + Level 2.0 Stealth


You had 5 spell levels left.
You didn't know any spells.

Dungeon Overview and Level Annotations

Branches:
Dungeon (4/15)
 Temple: D:4-7

Altars:


Innate Abilities, Weirdness & Mutations

You have a pair of antennae on your head.
You are slightly more attuned to the shadows.


Message History

The throwing net closely misses the orc priest.
The orc priest hits you with a club.
* * * LOW HITPOINT WARNING * * *
The orc hits you but does no damage.
Throwing (i - inventory):
d - a throwing net (quivered)
Press: ? - help, Shift-Dir - straight line, f/p - orc priest
Aim: an orc priest, wielding a club and wearing a chain mail (heavily wounded)
You throw a throwing net. The throwing net hits the orc priest.
The orc priest is caught in the net!
The orc priest is heavily wounded.
The orc priest struggles against the net.
You hit the orc priest.
The orc priest is severely wounded.
The orc hits you but does no damage.
The orc priest struggles against the net.
You slash the orc priest!
You kill the orc priest!
Your Stealth skill increases to level 2!
The orc hits you with a club.
You die...

....#..####.# #.................
##.###..##..# ##.................
# ####......###..................
# #..##.....#..................
#####.......#............<.......
...#.......##....................
##...#####.##...(................
##.## #.##....................
#.# #......@................ #..
.....(o)............... ....
#......................# ###..
.##........... ..... #..
##.......... # ##......... ..
#........( .. .. ..


You could see an orc.

Vanquished Creatures
  The ghost of Energizer the Skirmisher, an amateur DsCK of Xom (D:3)
  An ogre (D:4)
  A bullfrog (D:3)
  2 orc priests (D:4)
  Jessica (D:3)
  4 gnolls (D:3)
  2 adders
  An ooze (D:3)
  An adder zombie (D:4)
  3 worms
  2 dart slugs
  2 leopard geckos (D:3)
  5 orcs
  5 hobgoblins
  6 jackals
  6 kobolds
  3 quokkas (D:3)
  2 ball pythons (D:1)
  4 bats
  4 frilled lizards
  6 goblins
  6 rats
68 creatures vanquished.

Notes
Turn   | Place    | Note
-------+----------+-------------------------------------------
     0 | D:1      | ReignOfFire the Demonspawn Gladiator began the quest for the Orb.
     0 | D:1      | Reached XP level 1. HP: 16/16 MP: 1/1
    90 | D:1      | Reached skill level 3 in Long Blades
   106 | D:1      | Gained mutation: You are slightly more attuned to the shadows. [demonic ancestry]
   106 | D:1      | Reached XP level 2. HP: 9/22 MP: 2/2
  1101 | D:2      | Reached XP level 3. HP: 24/27 MP: 3/3
  1518 | D:3      | Noticed a bullfrog
  1526 | D:3      | Killed a bullfrog
  1526 | D:3      | Reached skill level 1 in Armour
  1526 | D:3      | Reached skill level 1 in Stealth
  1526 | D:3      | Gained mutation: You have a pair of small antennae on your head. [demonic ancestry]
  1526 | D:3      | Reached XP level 4. HP: 11/33 MP: 4/4
  1541 | D:3      | Noticed Energizer's ghost (amateur DsCK)
  2364 | D:3      | Noticed Jessica
  2368 | D:3      | Killed Jessica
  2368 | D:3      | Reached skill level 4 in Long Blades
  2368 | D:3      | Gained mutation: You have a pair of antennae on your head. [demonic ancestry]
  2368 | D:3      | Reached XP level 5. HP: 34/39 MP: 5/5
  2875 | D:3      | Killed Energizer's ghost
  2875 | D:3      | Reached XP level 6. HP: 46/46 MP: 6/6
  3278 | D:4      | Reached skill level 5 in Long Blades
  3717 | D:4      | HP: 2/47 [orc priest/club (4)]
  3720 | D:4      | Slain by an orc

Skill      XL: |  1  2  3  4  5  6 |
---------------+-------------------+-----
Long Blades    | 3 4 5 |  5.2
Dodging        | 3 |  3.5
Armour         | 1 2 |  2.6
Stealth        | 1 2 |  2.0
Fighting       | 3 |  3.2
Throwing       | |  1.8

Action                   |  1- 3 |  4- 6 || total
-------------------------+-------+-------++-------
Melee: Long sword        |    99 |   162 ||   261
Throw: Throwing net      |       |     4 ||     4
  Use: Scroll            |       |     4 ||     4
       Potion            |       |     1 ||     1
 Stab: Sleeping          |     4 |     1 ||     5
       Held in net/web   |       |     1 ||     1
  Eat: Chunk             |     2 |     7 ||     9
Armor: Leather armour    |    12 |       ||    12
       Scale mail        |    12 |    60 ||    72
Dodge: Dodged            |    53 |    98 ||   151
       Rpst.: Long sword |    18 |    37 ||    55
